 Dungeon Crawl Stone Soup version 0.28.0-43-g3370ac3207 (webtiles) character file.

Game seed: 10967446780849390566

307 sizableburger the Skirmisher (level 6, 0/50 HPs)
             Began as a Mummy Gladiator on Mar 24, 2022.
             Splashed by a jelly's acid (5 damage)
             ... on level 5 of the Dungeon.
             The game lasted 00:05:34 (3367 turns).

sizableburger the Skirmisher (Mummy Gladiator)      Turns: 3367, Time: 00:05:35

Health: 0/50       AC:  7    Str: 19    XL:     6   Next: 16%
Magic:  6/6        EV: 10    Int:  8    God:
Gold:   160        SH:  3    Dex: 13    Spells: 5/5 levels left

rFire   x . .      SeeInvis .   a - +0 flail
rCold   + + .      Faith    .   b - +0 buckler
rNeg    + + +      Spirit   .   f - +0 scale mail
rPois   ∞          Reflect  .   c - +0 helmet
rElec   .          Harm     .   i - scarf {shadows}
rCorr   .          Rampage  .   (no gloves)
Will    .....                   (no boots)
Stlth   ..........              (no amulet)
HPRegen 0.16/turn               g - ring of protection from cold
MPRegen 0.10/turn               (no ring)

@: no status effects
A: cold resistance 1, negative energy resistance 3, torment resistance 2, heat
vulnerability 1, no potions
a: no special abilities


You were on level 5 of the Dungeon.
You visited 1 branch of the dungeon, and saw 5 of its levels.

You collected 160 gold pieces.

Inventory:

Hand Weapons
 a - a +0 flail (weapon)
Missiles
 d - 3 throwing nets (quivered)
 e - 5 poisoned darts
Armour
 b - a +0 buckler (worn)
 c - a +0 helmet (worn)
 f - a +0 scale mail (worn)
 i - a scarf of shadows (worn)
Jewellery
 g - a ring of protection from cold (left hand)
Scrolls
 h - a scroll of teleportation


   Skills:
 + Level 4.8 Fighting
 + Level 4.4 Maces & Flails
 - Level 1.5 Throwing
 - Level 2.4 Dodging


You had 5 spell levels left.
You didn't know any spells.
Your spell library contained the following spells:

 Spells                   Type           Power      Damage    Failure   Level
 Summon Small Mammal      Summ           0%         N/A       88%         1
 Call Canine Familiar     Summ           0%         N/A       99%         3
 Summon Guardian Golem    Hex/Summ       0%         N/A       99%         3
 Tukima's Dance           Hex            0%         N/A       99%         3
 Anguish                  Hex/Necr       0%         N/A       100%        4
 Enfeeble                 Hex            0%         N/A       100%        7


Dungeon Overview and Level Annotations

Branches:
Dungeon (5/15)
 Temple: D:4-7

Altars:
Xom


Innate Abilities, Weirdness & Mutations

You are immune to poison.
Your flesh is cold resistant. (rC+)
You are immune to negative energy. (rN+++)
You are immune to unholy pain and torment.
You are vulnerable to heat. (rF-)
You do not drink.


Message History

The orc wizard gestures wildly while chanting.
The orc wizard flickers and vanishes!
You see here 10 sling bullets.
You barely miss the orc.
Your surroundings suddenly seem different.
An endoplasm, a kobold and a jelly come into view.
The kobold is wielding a +0 short sword and quivering poisoned darts.
Found 12 bolts and 8 arrows.
Found a stone staircase leading up and three stone staircases leading down.
The endoplasm quivers.
The kobold shouts!
The kobold throws a poisoned dart.
The poisoned dart hits you! The jelly closely misses you.
There is a stone staircase leading down here.
You climb downwards.
Reactivating autopickup.
There is a stone staircase leading up here.
You hit the jelly.
Your hands burn!
The jelly is moderately wounded.
The jelly hits you but does no damage.
You hit the jelly.
Your hands burn!
The jelly is severely wounded.
The jelly hits you.
You are splashed with acid!
* * * LOW HITPOINT WARNING * * *
The jelly jiggles.
You block the jelly's attack.
You hit the jelly.
Your hands burn!
* * * LOW HITPOINT WARNING * * *
The jelly is almost dead.
The jelly hits you but does no damage.
Throw: 4 throwing nets
Press: ? - help, Q - select action, (/) - cycle Shift-Dir - straight line, f - jelly
Aim: a jelly (almost dead, 89% to hit)
You throw a throwing net. The throwing net hits the jelly.
The jelly is caught in the net!
The jelly is almost dead.
The jelly struggles against the net.
You hit the jelly.
Your hands burn!
You die...
Xom guffaws!

###
##.#
..#
#J#
#@#
###


You could see a jelly (caught).

Vanquished Creatures
  2 necrophages
  Jessica (D:2)
  3 adders
  A worm (D:2)
  A dart slug (D:1)
  3 orcs
  6 bats
  7 endoplasms
  2 giant cockroaches (D:3)
  6 goblins
  11 hobgoblins
  2 quokkas (D:1)
  12 ball pythons
  5 frilled lizards
  4 rats (D:1)
  A bush (D:1)
67 creatures vanquished.

Vanquished Creatures (others)
  2 fungi (D:1)
  6 plants (D:1)
8 creatures vanquished.

Grand Total: 75 creatures vanquished

Notes
Turn   | Place    | Note
-------+----------+-------------------------------------------
     0 | D:1      | sizableburger the Mummy Gladiator began the quest for the
                  | Orb.
     0 | D:1      | Reached XP level 1. HP: 16/16 MP: 1/1
   392 | D:1      | Reached XP level 2. HP: 22/23 MP: 2/2
   884 | D:1      | Reached XP level 3. HP: 28/28 MP: 3/3
  1124 | D:1      | Found a faded altar of an unknown god.
  1165 | D:1      | Prayed at the altar of an unknown god.
  1165 | D:1      | Became a worshipper of Xom the Tricky
  1166 | D:1      | Fell from the grace of Xom
  1809 | D:2      | Noticed Jessica
  1813 | D:2      | Killed Jessica
  1814 | D:2      | Reached XP level 4. HP: 35/35 MP: 4/4
  2007 | D:2      | XOM: divination: detect items
  2428 | D:3      | Noticed a necrophage
  2460 | D:3      | Killed a necrophage
  2461 | D:3      | Reached XP level 5. HP: 19/42 MP: 5/5
  3100 | D:4      | Noticed a necrophage
  3121 | D:4      | Killed a necrophage
  3122 | D:4      | Reached XP level 6. HP: 28/49 MP: 6/6
  3157 | D:4      | XOM: scenery: summon butterflies
  3343 | D:4      | XOM: summons 3 hostile shadow creatures
  3362 | D:5      | Entered Level 5 of the Dungeon
  3367 | D:5      | Splashed by a jelly's acid

Illustrated notes

Levels and vault maps discovered:
D:1:      dpeg_cavernosity, layout_basic, serial_forest,
          infiniplex_forest_lined_3, infiniplex_forest_lined_3_way,
          infiniplex_forest_clump_double, infiniplex_forest_end_3,
          infiniplex_forest_clump_large, infiniplex_forest_clump_tiny,
          infiniplex_forest_lined_corner, infiniplex_forest_lined_2,
          dreamdust_ecumenical_altar_grove
D:2:      layout_basic, uniq_jessica
D:3:      layout_basic, grunt_ministairs_10
D:4:      wad_river_or_something, layout_rooms, mainiacjoe_overflow_two_lobes,
          vehumet_statue
D:5:      layout_basic, feat_on_display, uniq_ijyb

Skill      XL: |  1  2  3  4 |
---------------+-------------+-----
Maces & Flails | 3 4 |  4.4
Fighting       | 3 4 |  4.8
Throwing       | |  1.5
Dodging        | |  2.4

Action                   |  1- 3 |  4- 6 || total
-------------------------+-------+-------++-------
Melee: Flail             |   154 |   130 ||   284
Throw: Throwing net      |     1 |     2 ||     3
       Dart              |     6 |       ||     6
Invok: Renounce Religion |     1 |       ||     1
  Use: Scroll            |     1 |     2 ||     3
Armor: Scale mail        |    32 |    66 ||    98
Dodge: Dodged            |    39 |    73 ||   112
Block: Buckler           |    12 |    19 ||    31
